 Dungeon Crawl Stone Soup version 0.20-a0-3-g334f831 (webtiles) character file.

46 JeffiDaFish the Shield-Bearer (level 3, -7/24 HPs)
             Began as a Gargoyle Fighter on Oct 30, 2016.
             Killed by divine providence
             ... invoked by an orc priest
              (10 damage)
             ... on level 3 of the Dungeon.
             The game lasted 00:07:01 (1490 turns).

JeffiDaFish the Shield-Bearer (Gargoyle Fighter)    Turns: 1490, Time: 00:07:02

Health: -7/24      AC: 11    Str: 25    XL:     3   Next: 68%
Magic:  3/3        EV:  7    Int:  8    God:
Gold:   68         SH:  9    Dex:  9    Spells: 0 memorised, 2 levels left

rFire  . . .     SeeInvis .     a - +0 flail
rCold  . . .     Gourm    .     b - +0 scale mail
rNeg   + . .     Faith    .     c - +0 shield
rPois  ∞         Spirit   .     h - +0 helmet
rElec  +         Reflect  .     (no cloak)
rCorr  +         Harm     .     (no gloves)
MR     .....                    (no boots)
Stlth  ..........               (no amulet)
                                k - ring of wizardry
                                e - ring of resist corrosion

@: mighty
A: negative energy resistance 1, electricity resistance, unbreathing,
petrification resistance, rot immunity, AC +3
a: no special abilities


You were on level 3 of the Dungeon.
You were full.

You visited 1 branch of the dungeon, and saw 3 of its levels.

You collected 68 gold pieces.

Inventory:

Hand Weapons
 a - a +0 flail (weapon)
Armour
 b - a +0 scale mail (worn)
 c - a +0 shield (worn)
 h - a +0 helmet (worn)
Jewellery
 e - a ring of resist corrosion (left hand)
 k - a ring of wizardry (right hand)
Scrolls
 l - 2 scrolls of identify
Potions
 d - a potion of might
Comestibles
 f - a bread ration
 g - a beef jerky
 i - 2 meat rations
 j - 3 chunks of flesh


   Skills:
 + Level 3.7 Fighting
 + Level 2.6 Maces & Flails
 + Level 3.6 Armour
 + Level 0.1 Dodging
 + Level 3.8 Shields


You had 2 spell levels left.
You didn't know any spells.

Dungeon Overview and Level Annotations

Branches:
Dungeon (3/15)

Altars:


Innate Abilities, Weirdness & Mutations

You are resistant to torment.
Your stone body is resilient. (AC +3)
You are immune to poison.
You resist negative energy. (rN+)
You are resistant to electric shocks. (rElec)
You can survive without breathing.
You are immune to petrification.
You are immune to rotting.


Message History

The orc wizard is lightly wounded.
You block the orc wizard's attack.
The orc wizard hits you but does no damage.
The orc priest calls down the wrath of Beogh upon you.
Beogh smites you!
Ouch! That really hurt!
You hit the orc wizard but do no damage.
The orc wizard is lightly wounded.
The orc wizard hits you but does no damage.
You closely miss the orc wizard.
The orc wizard is lightly wounded.
You block the orc wizard's attack.
The orc wizard hits you but does no damage.
The orc wizard gestures at you while chanting.
The puff of frost hits you!
* * * LOW HITPOINT WARNING * * *
You feel very mighty all of a sudden.
The orc priest calls down the wrath of Beogh upon you.
Beogh smites you!
You die...

#.. #.. # #.## .. .#
#o.# .(# . #o<##.. ####.
#.... ..... #oo# ....#
#@.#
....############..####.
.......÷................
....###.....####$.####..
...<# ##.#### ##.# .)..#
#.# ## ....# ### ....#
#####


You could see an orc priest, 2 orc wizards and an orc.

Vanquished Creatures
  An adder (D:2)
  An ooze (D:1)
  A dart slug (D:2)
  A leopard gecko (D:2)
  5 goblins
  A hobgoblin (D:1)
  A quokka (D:2)
  3 bats
  3 frilled lizards
  11 kobolds
  4 rats
32 creatures vanquished.

Notes
Turn   | Place    | Note
-------+----------+-------------------------------------------
     0 | D:1      | JeffiDaFish the Gargoyle Fighter began the quest for the Orb.
     0 | D:1      | Reached XP level 1. HP: 14/14 MP: 1/1
   319 | D:1      | Reached XP level 2. HP: 15/19 MP: 2/2
   956 | D:2      | Reached XP level 3. HP: 24/24 MP: 3/3
  1490 | D:3      | Killed from afar by an orc priest

Vault maps used:
D:1:      enne_arrival_octagon_isle, roderic_lattice_a, nrook_mini_backslash
D:2:      wad_crossroads
D:3:      xom_butterflies, lemuel_zombie_altar_yredelemnul, first_bread,
          minmay_statues_item, minmay_liquid_box, uniq_crazy_yiuf_cottage

Action                   || total
-------------------------++-------
Melee: Flail             ||   108
  Use: Scroll            ||     4
       Potion            ||     3
  Eat: Meat ration       ||     1
       Chunk             ||     1
Armor: Scale mail        ||    52
Dodge: Dodged            ||    30
Block: Shield            ||    54
